 Dungeon Crawl Stone Soup version 0.27.1 (webtiles) character file.

Game seed: 4553672169364848919

72 r3algoood the Magician (level 4, -2/31 HPs)
             Began as a Djinni Fire Elementalist on Aug 25, 2021.
             Slain by a scorpion zombie (6 damage)
             ... on level 4 of the Dungeon.
             The game lasted 00:17:27 (5294 turns).

r3algoood the Magician (Djinni Fire Elementalist)   Turns: 5294, Time: 00:17:28

Health: -2/31      AC:  5    Str:  7    XL:     4   Next: 48%
Gold:   83         EV: 12    Int: 17    God:
                   SH:  0    Dex: 14

rFire    + + .     SeeInvis .   (no weapon)
rCold    x . .     Faith    .   (no shield)
rNeg     . . .     Spirit   .   a - +0 robe
rPois    ∞         Reflect  .   (no helmet)
rElec    .         Harm     .   (no cloak)
rCorr    .         Rampage  .   d - +2 pair of gloves
Will     .....                  (boots unavailable)
Stlth    ++........             (no amulet)
HPRegen  0.10/turn              f - ring of poison resistance
MPRegen  0.00/turn              (no ring)

@: flying
A: sickness immunity, fire resistance 2, cold vulnerability 1, float, innate
caster, hp casting, extra vitality 1
a: no special abilities


You were on level 4 of the Dungeon.
You visited 1 branch of the dungeon, and saw 4 of its levels.

You collected 125 gold pieces.
You spent 42 gold pieces at shops.

Inventory:

Armour
 a - a +0 robe (worn)
 d - a +2 pair of gloves (worn)
 r - a +0 pair of gloves
Jewellery
 f - a ring of poison resistance (left hand)
Wands
 q - a wand of flame (8)
Scrolls
 b - 2 scrolls of immolation {unknown}
 c - 2 scrolls of identify {unknown}
 h - 2 scrolls of amnesia {unknown}
 i - a scroll of blinking {unknown}
 l - a scroll of enchant weapon {unknown}
 m - a scroll of noise {unknown}
 p - a scroll of magic mapping {unknown}
Potions
 e - 2 potions of attraction {unknown}
 g - 2 potions of heal wounds {unknown}
 j - a potion of curing
 k - a potion of ambrosia {unknown}
 n - a potion of lignification {unknown}
 o - a potion of invisibility


   Skills:
 + Level 0.1 Fighting
 + Level 2.7 Dodging
 + Level 2.1 Stealth
 + Level 3.4 Spellcasting


You couldn't memorise any spells.
You knew the following spells:

 Your Spells              Type           Power      Damage    Failure   Level
a - Foxfire               Conj/Fire      56%        2x1d6     4%          1
b - Conjure Flame         Conj/Fire      14%        6-21      12%         3
c - Inner Flame           Hex/Fire       14%        N/A       12%         3
d - Sticky Flame          Conj/Fire      14%        2d4       36%         4
e - Fireball              Conj/Fire      7%         3d5       73%         5
f - Beastly Appendage     Tmut           28%        N/A       4%          1
Your spell library was empty.

Dungeon Overview and Level Annotations

Branches:
Dungeon (4/15)
 Temple: D:4-7

Altars:
Sif Muna

Shops:
D:3 !


Innate Abilities, Weirdness & Mutations

You are immune to sickness and miasma.
You are immune to poison.
Your flesh is very heat resistant. (rF++)
You are vulnerable to cold. (rC-)
You float through the air rather than walking.
You learn spells naturally, not from books.
Your magical power is your life essence.
You have superior vitality. (+4 HP)


Message History

Your foxfire dissipates!
The foxfire hits the howler monkey zombie.
The howler monkey zombie is lightly damaged.
The howler monkey zombie closely misses you.
The bullfrog zombie hits you.
* * * LOW HITPOINT WARNING * * *
2 orcs come into view.
Found a dagger.
The bullfrog zombie barely misses you. The bullfrog zombie barely misses you.
The bullfrog zombie hits you.
* * * LOW HITPOINT WARNING * * *
Found a scroll labelled DUBAMNA ZAEMN.
The bullfrog zombie hits you.
* * * LOW HITPOINT WARNING * * *
Found a scroll labelled ERUSTRO TURGH.
The bullfrog zombie closely misses you.
A hobgoblin comes into view.
The bullfrog zombie hits you but does no damage.
Okay, then.
You feel better.
The bullfrog zombie hits you but does no damage.
Unknown command.
The bullfrog zombie closely misses you. The hobgoblin hits you.
The howler monkey zombie misses you. The bullfrog zombie hits you.
* * * LOW HITPOINT WARNING * * *
The scorpion zombie misses you.
The hobgoblin hits you but does no damage.
The howler monkey zombie hits you but does no damage.
The scorpion zombie hits you but does no damage.
Aiming: Throw Flame
Press: ? - help, Shift-Dir - straight line, f - scorpion zombie
Aim: a scorpion zombie (89% to hit)
The scorpion zombie hits you.
* * * LOW HITPOINT WARNING * * *
The hobgoblin completely misses you.
You hit the hobgoblin but do no damage. The scorpion zombie barely misses you.
The hobgoblin closely misses you.
You hit the hobgoblin but do no damage. The scorpion zombie hits you.
You die... ### #@### #gZZ#

. #ZZ.## .. ##...# ...
###...##....
####...........
####..............
#####.................
#####.............?.P.P...


You could see a bullfrog zombie, 2 scorpion zombies, a howler monkey zombie and
a hobgoblin.

Vanquished Creatures
  An adder (D:3)
  2 worms
  A dart slug (D:3)
  2 orcs (D:3)
  4 ball pythons
  An endoplasm (D:1)
  8 goblins
  4 hobgoblins
  5 jackals
  5 quokkas
  7 bats
  3 frilled lizards (D:1)
  5 kobolds
  2 rats (D:1)
50 creatures vanquished.

Vanquished Creatures (others)
  140 foxfires
140 creatures vanquished.

Grand Total: 190 creatures vanquished

Notes
Turn   | Place    | Note
-------+----------+-------------------------------------------
     0 | D:1      | r3algoood the Djinni Fire Elementalist began the quest for
                  | the Orb.
     0 | D:1      | Reached XP level 1. HP: 15/15 MP: 0/0
    83 | D:1      | Reached XP level 2. HP: 7/21 MP: 0/0
   753 | D:1      | Reached skill level 3 in Spellcasting
   753 | D:1      | Reached XP level 3. HP: 21/25 MP: 0/0
   753 | D:1      | Learned a level 1 spell: Beastly Appendage
  2251 | D:2      | Found a faded altar of an unknown god.
  3734 | D:3      | Found Muirph's Distillery.
  3746 | D:3      | Reached XP level 4. HP: 22/31 MP: 0/0
  3766 | D:3      | Bought a potion of curing for 42 gold pieces
  5294 | D:4      | Slain by a scorpion zombie

Illustrated notes

Levels and vault maps discovered:
D:1:      lightli_arrival_noodles, layout_rooms
D:2:      layout_loops_ring, shapermc_ecumenical_altar_mp_highgroup,
          kennysheep_generic_room_12
D:3:      layout_basic, led_sif_pool, serial_shops, shop
D:4:      layout_cave_pods, elyvilon_altar_3, serial_undead, serial_undead_c,
          serial_undead_e, serial_undead_d, serial_undead_e, serial_undead_d,
          serial_undead_e, serial_undead_d, serial_undead_d,
          corexii_checkpoint_a, minmay_a_box_with_orc_wizards_in_it

Skill      XL: |  1  2  3 |
---------------+----------+-----
Spellcasting   | 3 |  3.4
Stealth        | 2 |  2.1
Fighting       | |  0.1
Dodging        | |  2.7

Action                   |  1- 3 |  4- 6 || total
-------------------------+-------+-------++-------
Melee: Unarmed           |       |     4 ||     4
 Cast: Foxfire           |    64 |    42 ||   106
       Conjure Flame     |     1 |     1 ||     2
       Inner Flame       |     1 |       ||     1
Evoke: Wand              |       |     1 ||     1
  Use: Potion            |       |     1 ||     1
Armor: Robe              |    18 |    28 ||    46
Dodge: Dodged            |    17 |    68 ||    85
